 Dungeon Crawl Stone Soup version 0.17.1-3-g152610e (webtiles) character file.

19697 MenacingMecha the Slicer (level 13, -6/123 HPs)
             Began as a Kobold Hunter on Feb 29, 2016.
             Was a High Priest of Trog.
             Mangled by riffraff's ghost (26 damage)
             ... on level 3 of the Lair of Beasts on Mar 1, 2016.
             The game lasted 01:30:25 (18113 turns).

MenacingMecha the Slicer (Kobold Hunter)           Turns: 18113, Time: 01:30:25

Health: -6/123     AC: 11    Str: 16    XL:     13   Next: 6%
Magic:  13/13      EV: 22    Int:  9    God:    Trog [*****.]
Gold:   185        SH:  6    Dex: 18    Spells: 0 memorised, 12 levels left

rFire  + + .     SeeInvis .     b - +2 short sword of Autumn {elec, rElec rPois rF++ Dex-3}
rCold  . . .     Clarity  .     r - +0 troll leather armour
rNeg   . . .     SustAt   .     f - +0 buckler
rPois  +         Gourm    .     (no helmet)
rElec  +         Spirit   .     t - +0 cloak
rCorr  .         Warding  .     E - +0 pair of gloves
rMut   .         Stasis   .     p - +2 pair of boots
MR     .....                    (no amulet)
Stlth  ..........               (no ring)
                                (no ring)

@: berserking (expiring), very quick, not resistant to hostile enchantments,
extremely unstealthy
A: carnivore 3, sense surroundings 1, spit poison 1, wild magic 1
a: Spit Poison, Berserk, Trog's Hand, Brothers in Arms, Burn Spellbooks,
Renounce Religion


You were on level 3 of the Lair of Beasts.
You worshipped Trog.
Trog was extremely pleased with you.
You were very full.

You visited 3 branches of the dungeon, and saw 15 of its levels.
You also visited: Sewer.

You collected 776 gold pieces.
You spent 591 gold pieces at shops.

Inventory:

Hand Weapons
 a - a +2 hand crossbow
 b - the +2 short sword of Autumn (weapon) {elec, rElec rPois rF++ Dex-3}
   (You bought it in a shop on level 7 of the Dungeon)

   Occasionally, upon striking a foe, it will discharge some electrical energy
   and cause terrible harm.
   It affects your dexterity (-3).
   It greatly protects you from fire.
   It insulates you from electricity.
   It protects you from poison.
 P - the +10 scimitar of the Establishment {freeze, +Fly Int-2 Dex+4}
   (You bought it in a shop on level 9 of the Dungeon)

   It has been specially enchanted to freeze those struck by it, causing extra
   injury to most foes and up to half again as much damage against particularly
   susceptible opponents.
   It can also slow down cold-blooded creatures.
   It affects your intelligence (-2).
   It affects your dexterity (+4).
   It lets you fly.
 R - a +3 antimagic rapier
Missiles
 B - 11 silver bolts
 D - 6 bolts of penetration
 H - 37 bolts
Armour
 f - a +0 buckler (worn)
 p - a +2 pair of boots (worn)
 r - a +0 troll leather armour (worn)
 t - a +0 cloak (worn)
 E - a +0 pair of gloves (worn)
Jewellery
 k - an uncursed ring of ice
 I - an uncursed amulet of regeneration
Wands
 n - a wand of fire (2)
 w - a wand of teleportation (4)
 M - a wand of fire (4)
Scrolls
 c - 2 scrolls of identify
 d - a scroll of enchant armour
 q - a scroll of magic mapping
 s - 3 scrolls of teleportation
 v - a scroll of holy word
 x - 3 scrolls of enchant weapon
 y - 2 scrolls of silence
 A - a scroll of recharging
 G - 2 scrolls of remove curse
 J - a scroll of fog
 L - a scroll of immolation {unknown}
Potions
 g - 4 potions of flight
 j - 3 potions of curing
 m - 4 potions of heal wounds
 o - 3 potions of might
 z - a potion of invisibility
 C - a potion of haste
 F - a potion of magic
 K - 2 potions of cancellation {unknown}
 Q - a potion of resistance {unknown}
Books
 O - a Young Poisoner's Handbook

   Spells                             Type                      Level
   a - Sting                          Conjuration/Poison           1
   b - Cure Poison                    Poison                       2
   c - Mephitic Cloud                 Conjuration/Poison/Air       3
   d - Olgreb's Toxic Radiance        Poison                       4
   e - Venom Bolt                     Conjuration/Poison           5
   Trog disapproves of the use of such an item.
Comestibles
 e - 9 meat rations
 h - a royal jelly
 i - a slice of pizza
 l - a chunk of flesh
 u - 2 beef jerkies


   Skills:
 - Level 10.2 Fighting
 - Level 12.0(12.8) Short Blades
 + Level 4.6(6.9) Long Blades
 - Level 10.1 Crossbows
 - Level 7.2 Armour
 - Level 10.4 Dodging
 - Level 1.3 Stealth
 - Level 4.1 Shields


You had 12 spell levels left.
You didn't know any spells.

Dungeon Overview and Level Annotations

Branches:
Dungeon (11/15)            Temple (1/1) D:4            Lair (3/8) D:11
    Orc (0/4) D:10
  Swamp: Lair:3-6    Shoals: Lair:3-6     Snake: Lair:3-6    Spider: Lair:3-6

Altars:
Ashenzari
Cheibriados
Dithmenos
Elyvilon
Gozag
Kikubaaqudgha
Makhleb
Nemelex Xobeh
Okawaru
Qazlal
Ru
Sif Muna
Trog
Vehumet
Xom
Yredelemnul
Zin

Shops:
D:7 (   D:9 ??[((   D:10 !   D:11 [

Annotations:
D:2 human zombie(behind trans rock wall))
D:3 Mysteryquy's ghost, amateur DsFi
D:6 urm's ghost, novice TrAr
Lair:2 Harold
Lair:3 riffraff's ghost, journeyman TrMo


Innate Abilities, Weirdness & Mutations

You are small and have problems with some larger weapons.
You are carnivorous and can eat meat at any time.
You passively map a small area around you.
You can spit weak poison.
Your spells are a little harder to cast, but a little more powerful.


Message History

Riffraff's ghost hits you!
* * * LOW HITPOINT WARNING * * *
You closely miss riffraff's ghost.
Riffraff's ghost is almost destroyed.
You closely miss riffraff's ghost.
Riffraff's ghost is almost destroyed.
You barely miss riffraff's ghost.
Riffraff's ghost is almost destroyed.
Riffraff's ghost hits you.
* * * LOW HITPOINT WARNING * * *
You miss riffraff's ghost.
Riffraff's ghost is almost destroyed.
Unknown command.
You hit riffraff's ghost.
Riffraff's ghost is almost destroyed.
You puncture riffraff's ghost!
Riffraff's ghost is almost destroyed.
Riffraff's ghost feints to the right.
Riffraff's ghost hits you!!
You die...

...P............# *
..............P.# #P.....#
................# #P.#...#
................###......#
.<.#.................P...*
....<..........>........,
# ,...P###...P..+#......#
...
....................#.....
............@....(...# ,
....#.#.###..W..........,
...###### #.......$.....
...* ##...(........ ,
#............. ,
#............# , ,
##............ ,
P.......(.... , , , ,


You could see riffraff's ghost.

Vanquished Creatures
  Josephine (D:10)
  A hydra (Lair:3)
  A centaur warrior (D:11)
  Erolcha (D:11)
  4 hill giants
  2 ugly things (D:11)
  A black mamba (Lair:1)
  A centaur skeleton (D:11)
  A gargoyle (D:5)
  2 komodo dragons
  A kobold demonologist (Sewer)
  2 trolls
  Grinder (Sewer)
  A shadow (D:11)
  A spriggan (D:7)
  A deep elf mage (D:10)
  3 wraiths
  A hippogriff (D:11)
  11 yaks
  A steam dragon (D:10)
  A wyvern (D:7)
  5 water moccasins
  8 orc warriors
  3 porcupines
  5 phantoms
  2 black bears
  3 ice beasts
  3 centaurs
  9 ogres
  4 sky beasts
  An eye of draining (D:11)
  2 crocodiles
  9 giant frogs
  Blork the orc (D:6)
  6 big kobolds
  A gnoll sergeant (D:9)
  A wyvern skeleton (D:10)
  3 scorpions
  10 killer bees
  A quasit (Sewer)
  2 giant frog zombies
  3 centaur zombies
  5 crimson imps
  7 orc wizards
  3 jellies
  Crazy Yiuf (D:2)
  14 orc priests
  9 hounds
  10 iguanas
  3 worker ants
  2 giant frog skeletons
  8 sheep (Lair:1)
  4 big kobold zombies (Sewer)
  A killer bee zombie (D:7)
  14 adders
  13 gnolls
  24 river rats
  4 shadow imps
  3 ufetubi (Sewer)
  2 oozes
  An adder zombie (D:5)
  4 giant geckos
  39 orcs
  12 bats
  7 goblins
  7 hobgoblins
  10 jackals
  39 kobolds
  3 quokkas
  A ball python (D:4)
  10 giant cockroaches
  A giant gecko skeleton (D:4)
  5 giant newts
  A jackal skeleton (D:8)
  2 kobold zombies (Sewer)
  8 rats
  A spectral orc (D:9)
399 creatures vanquished.

Vanquished Creatures (collateral kills)
  A hydra (Lair:1)
1 creature vanquished.

Vanquished Creatures (others)
  A human (D:2)
  An ooze (Sewer)
  A giant cockroach (Sewer)
  A plant (Lair:3)
4 creatures vanquished.

Grand Total: 404 creatures vanquished

Notes
Turn   | Place    | Note
--------------------------------------------------------------
     0 | D:1      | MenacingMecha the Kobold Hunter began the quest for the Orb.
     0 | D:1      | Reached XP level 1. HP: 12/12 MP: 1/1
    12 | D:1      | Reached skill level 5 in Crossbows
   151 | D:1      | Reached XP level 2. HP: 17/17 MP: 2/2
   840 | D:1      | Reached XP level 3. HP: 21/21 MP: 3/3
  1198 | D:1      | Reached skill level 6 in Crossbows
  1331 | D:2      | Found a shimmering altar of Xom.
  1443 | D:2      | Found an ancient bone altar of Kikubaaqudgha.
  1448 | D:2      | Noticed a human
  1450 | D:2      | Killed a human
  1795 | D:2      | Noticed Crazy Yiuf
  1802 | D:2      | Killed Crazy Yiuf
  1802 | D:2      | Reached XP level 4. HP: 26/26 MP: 4/4
  2115 | D:2      | Reached skill level 7 in Crossbows
  2141 | D:2      | Found a stormy altar of Qazlal.
  2387 | D:3      | Reached XP level 5. HP: 30/30 MP: 5/5
  2420 | D:3      | Noticed Mysteryquy's ghost (amateur DsFi)
  2898 | D:4      | Noticed a phantom
  2925 | D:4      | Noticed a phantom
  2940 | D:4      | Killed a phantom
  2940 | D:4      | Reached skill level 8 in Crossbows
  2940 | D:4      | Reached XP level 6. HP: 33/35 MP: 6/6
  3019 | D:4      | Killed a phantom
  3019 | D:4      | Reached skill level 9 in Crossbows
  3019 | D:4      | Reached XP level 7. HP: 35/40 MP: 7/7
  3107 | D:4      | Found a sparkling altar of Nemelex Xobeh.
  3234 | D:4      | Reached skill level 10 in Crossbows
  3948 | D:4      | Noticed an ogre
  3956 | D:4      | Killed an ogre
  3956 | D:4      | Reached skill level 1 in Short Blades
  4128 | D:4      | Found a staircase to the Ecumenical Temple.
  4290 | Temple   | Entered the Ecumenical Temple
  4326 | Temple   | Became a worshipper of Trog the Wrathful
  4479 | D:5      | Entered Level 5 of the Dungeon
  4483 | D:5      | Reached skill level 1 in Armour
  4483 | D:5      | Reached XP level 8. HP: 45/45 MP: 8/8
  4820 | D:5      | Found a glowing drain.
  4848 | Sewer    | Entered a sewer
  4936 | Sewer    | Reached skill level 5 in Short Blades
  5238 | Sewer    | Reached * piety under Trog
  5512 | Sewer    | Found a burning altar of Makhleb.
  5806 | Sewer    | Noticed an apprentice kobold demonologist
  5856 | Sewer    | Killed an apprentice kobold demonologist
  6142 | Sewer    | Noticed Grinder
  6154 | Sewer    | Killed Grinder
  6154 | Sewer    | Reached XP level 9. HP: 49/49 MP: 9/9
  6419 | D:5      | Reached skill level 10 in Short Blades
  6683 | D:5      | Found a sparkling altar of Nemelex Xobeh.
  6696 | D:5      | Found a white marble altar of Elyvilon.
  6757 | D:5      | Noticed a gargoyle
  6777 | D:5      | Killed a gargoyle
  6777 | D:5      | Reached skill level 11 in Short Blades
  7424 | D:6      | Noticed Blork the orc
  7521 | D:6      | Reached skill level 12 in Short Blades
  7932 | D:6      | Noticed urm's ghost (novice TrAr)
  7967 | D:5      | Reached ** piety under Trog
  7967 | D:5      | Reached XP level 10. HP: 23/56 MP: 10/10
  9311 | D:6      | Reached skill level 5 in Dodging
  9874 | D:6      | Killed Blork the orc
  9953 | D:7      | Found Meosaocw's Antique Weapon Boutique.
  9980 | D:6      | Reached skill level 5 in Fighting
 10135 | D:7      | Bought a dazzling short sword for 168 gold pieces
 10135 | D:7      | Identified the cursed +2 short sword of Autumn {elec, rElec rPois rF++ Dex-3} (You bought it in a shop on level 7 of the Dungeon)
 11058 | D:7      | Found an opulent altar of Gozag.
 11724 | D:8      | Reached *** piety under Trog
 12007 | D:8      | Found a shattered altar of Ashenzari.
 12060 | D:8      | Received a gift from Trog
 12126 | D:8      | Found a radiant altar of Vehumet.
 12201 | D:8      | Found a burning altar of Makhleb.
 12478 | D:8      | Reached XP level 11. HP: 55/66 MP: 11/11
 12822 | D:9      | Found Zaqyim's Antique Weapon Shoppe.
 12888 | D:9      | Received a gift from Trog
 13082 | D:9      | Reached skill level 5 in Armour
 13226 | D:9      | Found an iron altar of Okawaru.
 13318 | D:9      | Found a basalt altar of Yredelemnul.
 13338 | D:9      | Found Ynuets's Antique Armour Shoppe.
 13345 | D:9      | Bought a pair of glowing boots for 135 gold pieces
 13428 | D:9      | Found Hyarymm's Magic Scroll Shoppe.
 13429 | D:9      | Found Xouzas's Weapon Emporium.
 13563 | D:9      | Found Ishrowuh's Magic Scroll Shoppe.
 13582 | D:9      | Found an opulent altar of Gozag.
 13662 | D:10     | Entered Level 10 of the Dungeon
 13681 | D:9      | Reached skill level 1 in Shields
 13704 | D:10     | Noticed a hill giant
 13859 | D:10     | Noticed a hill giant
 13957 | D:10     | Killed a hill giant
 14008 | D:10     | Killed a hill giant
 14322 | D:10     | Reached **** piety under Trog
 14328 | D:10     | Found Nosurun's Distillery.
 14399 | D:10     | Noticed Josephine
 14409 | D:10     | Killed Josephine
 14624 | D:10     | Found a staircase to the Orcish Mines.
 14709 | D:10     | Reached XP level 12. HP: 73/75 MP: 12/12
 15182 | D:11     | Found a staircase to the Lair.
 15320 | D:11     | Found Zetaghua's Antique Armour Boutique.
 15655 | D:11     | Noticed a purple ugly thing
 15655 | D:11     | Noticed a red ugly thing
 15689 | D:11     | Killed a red ugly thing
 15696 | D:11     | Killed a red ugly thing
 15696 | D:11     | Received a gift from Trog
 15852 | D:11     | Noticed a hill giant
 15855 | D:11     | Noticed a centaur warrior
 15859 | D:11     | Killed a hill giant
 15869 | D:11     | Killed a centaur warrior
 15869 | D:11     | Reached skill level 10 in Dodging
 16079 | D:11     | Noticed Erolcha
 16087 | D:11     | Killed Erolcha
 16213 | Lair:1   | Entered Level 1 of the Lair of Beasts
 16251 | D:11     | Reached ***** piety under Trog
 16364 | D:9      | Bought a fine scimitar for 288 gold pieces
 16364 | D:9      | Identified the +10 scimitar of the Establishment {freeze, +Fly Int-2 Dex+4} (You bought it in a shop on level 9 of the Dungeon)
 16368 | D:9      | Gained mutation: You passively map a small area around you. [potion of mutation]
 16368 | D:9      | Gained mutation: Your spells are a little harder to cast, but a little more powerful. [potion of mutation]
 16368 | D:9      | Gained mutation: You can spit weak poison. [potion of mutation]
 16642 | Lair:1   | Reached skill level 1 in Long Blades
 16892 | Lair:1   | Noticed a seven-headed hydra
 16901 | Lair:1   | Killed a seven-headed hydra
 16901 | Lair:1   | Reached skill level 10 in Fighting
 17538 | Lair:2   | Noticed Harold
 17626 | Lair:1   | Received a gift from Trog
 17803 | Lair:2   | Reached XP level 13. HP: 82/82 MP: 13/13
 18075 | Lair:3   | Noticed riffraff's ghost (journeyman TrMo)
 18113 | Lair:3   | Mangled by riffraff's ghost

Action                   |  1- 3 |  4- 6 |  7- 9 | 10-12 | 13-15 || total
-------------------------+-------+-------+-------+-------+-------++-------
Melee: Short sword       |    67 |    58 |   252 |   829 |    45 ||  1251
       Whip              |       |       |   268 |   125 |       ||   393
 Fire: Hand crossbow     |    45 |    63 |    44 |   169 |     6 ||   327
Invok: Berserk           |       |       |     5 |     5 |     2 ||    12
       Trog's Hand       |       |       |       |     1 |       ||     1
       Brothers in Arms  |       |       |       |     1 |       ||     1
  Use: Scroll            |     1 |     4 |     2 |    12 |       ||    19
       Potion            |       |       |       |    11 |       ||    11
 Stab: Sleeping          |       |     1 |     3 |     2 |     1 ||     7
  Eat: Chunk             |    11 |     4 |    20 |    40 |     2 ||    77
